 Dungeon Crawl Stone Soup version 0.30.0 (webtiles) character file.

Game seed: 15095959271790460265

70 arghonaut the Magician (level 4, 0/31 HPs)
             Began as a Djinni Fire Elementalist on May 20, 2023.
             Killed by divine providence
             ... invoked by an orc priest
              (13 damage)
             ... on level 3 of the Dungeon.
             The game lasted 00:03:30 (1501 turns).

arghonaut the Magician (Djinni Fire Elementalist)   Turns: 1501, Time: 00:03:30

Health: 0/31       AC:  3    Str: 13    XL:     4   Next: 44%
Gold:   123        EV: 12    Int: 18    God:
                   SH:  0    Dex: 14

rFire   + + .        k - +1 dagger (elec)
rCold   x . .        (no shield)
rNeg    . . .        a - +0 robe
rPois   ∞            l - +0 helmet "Vogaugil" {Rampage}
rElec   .            (no cloak)
rCorr   .            (no gloves)
SInv    .            (boots unavailable)
Will    .....        (no amulet)
Stlth   ++           i - +6 ring of strength
HPRegen 0.25/turn    (no ring)
MPRegen 0.00/turn

%: rampage, infuse magic (-1 HP)
@: flying
A: sickness immunity, fire resistance 2, cold vulnerability 1, float, innate
caster, HP casting, extra vitality 1
a: no special abilities


You were on level 3 of the Dungeon.
You visited 1 branch of the dungeon, and saw 3 of its levels.

You collected 123 gold pieces.

Inventory:

Hand Weapons
 c - a +0 dagger
 e - a +3 dagger
 k - a +1 dagger of electrocution (weapon)
Armour
 a - a +0 robe (worn)
 l - the +0 helmet "Vogaugil" (worn) {Rampage}
   (You found it on level 2 of the Dungeon)

   Rampage:   It bestows one free step when moving towards enemies.
Jewellery
 i - a +6 ring of strength (left hand)
Scrolls
 b - a scroll of identify {unknown}
 g - a scroll of teleportation {unknown}
 h - a scroll of fear {unknown}
 j - a scroll of vulnerability {unknown}
Potions
 d - 2 potions of haste {unknown}
 f - a potion of lignification {unknown}


   Skills:
 - Level 2.1 Dodging
 - Level 1.5 Stealth
 + Level 3.8 Spellcasting


You knew the following spells:

 Your Spells              Type           Power      Damage    Failure   Level
a - Foxfire               Conj/Fire      68%        2x1d7     3%          1
b - Scorch                Fire           34%        2d6       4%          2
c - Volatile Blastmotes   Fire/Tloc      34%        2d12      9%          3
d - Inner Flame           Hex/Fire       17%        N/A       9%          3
e - Flame Wave            Conj/Fire      17%        2d7       30%         4
f - Sandblast             Erth           34%        2d9       3%          1
Your spell library was empty.

Dungeon Overview and Level Annotations

Branches:
Dungeon (3/15)

Altars:


Innate Abilities, Weirdness & Mutations

You are immune to sickness and miasma.
You are immune to poison.
Your flesh is very heat resistant. (rF++)
You are vulnerable to cold. (rC-)
You float through the air rather than walking.
You learn spells naturally, not from books.
Your magical power is your life essence.
You have superior vitality. (+4 MHP)


Message History

Your foxfire dissipates! x2
HP restored.
An orc and an orc priest come into view.
The orc priest shouts!
You hear a shout!
An orc priest comes into view. It is wielding a +0 club.
An orc wizard comes into view. It is wielding a +0 dagger.
Casting: Foxfire (safe; 3% risk of failure)
Confirm with . or Enter, or press ? or * to list all spells.
You conjure some foxfire!
The orc shouts!
The orc wizard shouts!
The orc priest shouts!
The orc priest mumbles some strange prayers to Beogh against you.
Beogh smites you!
Casting: Foxfire (safe; 3% risk of failure)
Confirm with . or Enter, or press ? or * to list all spells.
You conjure some foxfire!
The foxfire hits the orc.
The orc is lightly wounded.
The foxfire hits the orc.
The orc is moderately wounded.
The orc priest calls upon Beogh to heal the orc.
The orc's wounds heal themselves!
Casting: Foxfire (safe; 3% risk of failure)
Confirm with . or Enter, or press ? or * to list all spells.
You conjure some foxfire!
The foxfire hits the orc.
The orc is moderately wounded.
The foxfire hits the orc.
The orc is severely wounded.
Casting: Foxfire (safe; 3% risk of failure)
Confirm with . or Enter, or press ? or * to list all spells.
You conjure some foxfire!
The foxfire hits the orc!
You kill the orc!
The foxfire hits the orc priest but does no damage.
Casting: Foxfire (safe; 3% risk of failure)
Confirm with . or Enter, or press ? or * to list all spells.
You conjure some foxfire!
The foxfire hits the orc wizard.
The orc wizard is lightly wounded.
The foxfire hits the orc priest.
The orc priest is lightly wounded.
The orc priest mumbles some strange prayers to Beogh against you.
Beogh smites you!
You die...

.>. #.#
####.##########
#....#.........
#....#....o....
#....#.........
#....#§§§.o.o..
#......@v§.....
#....###v......
#....# #.####.
##>..## .#
###..# ..# #
##.# .##..
###.##.)..
#######.......##
#..............#


You could see 2 orc priests and an orc wizard.

Vanquished Creatures
  An adder (D:2)
  4 worms
  A dart slug (D:1)
  An orc (D:3)
  3 endoplasms
  3 giant cockroaches
  6 goblins
  4 hobgoblins
  3 quokkas
  2 ball pythons (D:2)
  5 bats
  2 frilled lizards
  4 kobolds
  4 rats
43 creatures vanquished.

Vanquished Creatures (others)
  127 foxfires
127 creatures vanquished.

Grand Total: 170 creatures vanquished

Notes
Turn   | Place    | Note
-------+----------+-------------------------------------------
     0 | D:1      | arghonaut the Djinni Fire Elementalist began the quest for
                  | the Orb.
     0 | D:1      | arghonaut set off with the following spells memorised:
                  | Foxfire, Scorch, Volatile Blastmotes, Inner Flame, Flame
                  | Wave.
     0 | D:1      | Reached XP level 1. HP: 15/15 MP: 0/0
   140 | D:1      | Reached XP level 2. HP: 17/21 MP: 0/0
   260 | D:1      | Reached skill level 3 in Spellcasting
   342 | D:1      | Found a faded altar of an unknown god.
   502 | D:1      | Reached XP level 3. HP: 21/25 MP: 0/0
   502 | D:1      | Learned a level 1 spell: Sandblast
  1114 | D:2      | Reached XP level 4. HP: 28/31 MP: 0/0
  1251 | D:2      | Identified the +0 helmet "Vogaugil" {Rampage}
  1501 | D:3      | Killed from afar by an orc priest

Illustrated notes

Levels and vault maps discovered:
D:1:      dpeg_arrival_water_temple_mockup, layout_basic,
          basic_ecumenical_altar, nicolae_wormholes
D:2:      layout_rooms
D:3:      layout_rooms

Skill      XL: |  1  2 |
---------------+-------+-----
Spellcasting   | 3 |  3.8
Dodging        | |  2.1
Stealth        | |  1.5

Action                     |  1- 3 |  4- 6 || total
---------------------------+-------+-------++-------
   Cast: Foxfire           |    73 |    10 ||    83
         Sandblast         |     7 |    11 ||    18
  Dodge: Dodged            |     5 |     3 ||     8
